 Dungeon Crawl Stone Soup version 0.29-a0-468-ge57f7f99b4 (webtiles) character file.

Game seed: 13618243079440395447

29876 frimble the Thaumaturge (level 13, -6/101 HPs)
             Began as a Gnoll Warper on May 22, 2022.
             Was a Priest of Cheibriados.
             Killed themself with a badly aimed iceblast (27 damage)
             ... on level 4 of the Lair of Beasts.
             The game lasted 00:31:31 (17272 turns).

frimble the Thaumaturge (Gnoll Warper)             Turns: 17272, Time: 00:31:32

Health: -6/101     AC:  0    Str: 21    XL:     13   Next: 48%
Magic:  24/26      EV: 22    Int: 22    God:    Cheibriados [***...]
Gold:   1204       SH:  0    Dex: 21    Spells: 21/31 levels left

rFire   . . .      SeeInvis .     - Unarmed
rCold   . . .      Faith    .   (shield currently unavailable)
rNeg    . . .      Spirit   .   (body armour currently unavailable)
rPois   .          Reflect  .   (helmet currently unavailable)
rElec   .          Harm     .   (cloak currently unavailable)
rCorr   .          Rampage  .   (gloves currently unavailable)
Will    .....                   (boots currently unavailable)
Stlth   ++++......              r - amulet of regeneration
HPRegen 1.06/turn               (ring currently unavailable)
MPRegen 0.20/turn               (ring currently unavailable)

@: lethally poisoned (-6 -> -7), pig-form, weak-willed, very slow
A: fast, no casting, small, (fangs 1), strong nose, distributed training
a: Renounce Religion, Bend Time, Temporal Distortion


You were on level 4 of the Lair of Beasts.
You worshipped Cheibriados.
Cheibriados was most pleased with you.
You were a filthy swine.
You visited 3 branches of the dungeon, and saw 16 of its levels.
You also visited: Sewer.

You collected 1204 gold pieces.

Inventory:

Hand Weapons
 a - a +3 scimitar of flaming (melded)
 b - a +0 hunting sling
Missiles
 c - 5 boomerangs of dispersal
 n - 52 poisoned darts (quivered)
 x - a throwing net
 P - 3 javelins
Armour
 e - a +0 cloak (melded)
 t - the +5 chain mail of Understanding (melded) {rC+}
   (You found it on level 3 of the Dungeon)

   rC:        It protects you from cold.
 A - the +1 ring mail of Dilloud {rN+ Str+4}
   (You found it on level 7 of the Dungeon)

   Str:       It affects your strength (+4).
   rN:        It protects you from negative energy.
 H - +0 steam dragon scales
 J - a +0 troll leather armour
 W - a +0 pair of boots (melded)
 Z - a +0 pair of gloves (melded)
Jewellery
 d - a ring of ice
 p - a ring of flight
 r - an amulet of regeneration (around neck)
 E - an amulet of the acrobat
 F - a ring of willpower
 O - a ring of positive energy
Wands
 i - a wand of iceblast (1)
 k - a wand of flame (3)
 I - a wand of polymorph (9)
 S - a wand of digging (7)
 X - a wand of paralysis (7)
Scrolls
 f - a scroll of fog
 m - 12 scrolls of teleportation
 o - 3 scrolls of magic mapping
 q - 2 scrolls of blinking
 s - 4 scrolls of immolation
 z - a scroll of silence
 B - a scroll of summoning
 C - 6 scrolls of amnesia
 D - a scroll of brand weapon
 U - a scroll of vulnerability
 Y - 3 scrolls of enchant weapon
Potions
 g - 3 potions of resistance
 h - a potion of ambrosia
 j - 2 potions of might
 l - 5 potions of mutation
 u - 5 potions of attraction
 v - a potion of magic
 w - 3 potions of lignification
 y - 2 potions of brilliance
 G - 3 potions of heal wounds
 L - 2 potions of curing
 R - a potion of invisibility
Miscellaneous
 Q - a tin of tremorstones (inert)


   Skills:
 + Level 9.6 Fighting
 + Level 8.3 Short Blades
 + Level 8.3 Long Blades
 + Level 8.3 Axes
 + Level 8.3 Maces & Flails
 + Level 8.3 Polearms
 + Level 8.3 Staves
 + Level 8.3 Slings
 + Level 8.3 Bows
 + Level 8.3 Crossbows
 + Level 8.8 Throwing
 + Level 8.8 Armour
 + Level 9.6 Dodging
 + Level 8.3 Stealth
 + Level 8.3 Shields
 + Level 9.6 Unarmed Combat
 + Level 9.8 Spellcasting
 + Level 6.9 Conjurations
 + Level 6.9 Hexes
 + Level 6.9 Summonings
 + Level 6.9 Necromancy
 + Level 8.9 Translocations
 + Level 6.9 Transmutations
 + Level 6.9 Fire Magic
 + Level 6.9 Ice Magic
 + Level 6.9 Air Magic
 + Level 6.9 Earth Magic
 + Level 6.9 Poison Magic
 + Level 9.1 Invocations
 + Level 8.3 Evocations


You had 21 spell levels left.
You knew the following spells:

 Your Spells              Type           Power      Damage    Failure   Level
a - Blink                 Tloc           100%       N/A       1%          2
b - Apportation           Tloc           100%       N/A       1%          1
c - Ozocubu's Armour      Ice            41%        N/A       1%          3
d - Olgreb's Toxic Radia  Pois           41%        N/A       3%          4

Your spell library contained the following spells:

 Spells                   Type           Power      Damage    Failure   Level
 Necrotize                Necr           100%       1d9       1%          1
 Sandblast                Erth           82%        2d17      1%          1
 Shock                    Conj/Air       100%       1d9       1%          1
 Sting                    Tmut/Pois      100%       1d8       1%          1
 Summon Small Mammal      Summ           100%       N/A       1%          1
 Passwall                 Tmut/Erth      34%        N/A       1%          2
 Poisonous Vapours        Pois/Air       82%        N/A       1%          2
 Static Discharge         Conj/Air       41%        N/A       1%          2
 Call Canine Familiar     Summ           41%        N/A       1%          3
 Dazzling Flash           Conj/Hex       82%        N/A       1%          3
 Gell's Gravitas          Tloc           50%        N/A       1%          3
 Lesser Beckoning         Tloc           50%        N/A       1%          3
 Stone Arrow              Conj/Erth      82%        3d12      1%          3
 Summon Guardian Golem    Hex/Summ       41%        N/A       1%          3
 Swiftness                Air            41%        N/A       1%          3
 Teleport Other           Tloc           50%        N/A       1%          3
 Iskenderun's Mystic Bla  Conj/Tloc      45%        2d10      2%          4
 Airstrike                Air            20%        N/A       3%          4
 Anguish                  Hex/Necr       20%        N/A       3%          4
 Animate Dead             Necr           41%        N/A       3%          4
 Dispel Undead            Necr           41%        3d16      3%          4
 Sticky Flame             Conj/Fire      41%        2d6       3%          4
 Manifold Assault         Tloc           50%        N/A       4%          5
 Metabolic Englaciation   Hex/Ice        20%        N/A       10%         5
 Simulacrum               Ice/Necr       20%        N/A       50%         6
 Starburst                Conj/Fire      20%        6d7       50%         6
 Enfeeble                 Hex            20%        N/A       97%         7
 Haunt                    Necr/Summ      20%        N/A       97%         7
 Infestation              Necr           20%        N/A       100%        8


Dungeon Overview and Level Annotations

Branches:
Dungeon (11/15)            Temple (1/1) D:5            Lair (4/6) D:9
  Swamp (0/4) Lair:3       Spider (0/4) Lair:2        Sewer (visited)
    Orc: D:9-12

Altars:
Ashenzari
Cheibriados
Dithmenos
Elyvilon
Fedhas
Gozag
Hepliaklqana
Kikubaaqudgha
Makhleb
Nemelex Xobeh
Okawaru
Qazlal
Ru
Sif Muna
Trog
Uskayaw
Vehumet
Wu Jian
Xom
Yredelemnul
Zin
The Shining One

Shops:
D:10 :

Annotations:
D:9 Erolcha
Lair:2 exclusion: oklob plant
Lair:4 2 transporters, royokou's ghost, journeyman TrFi


Innate Abilities, Weirdness & Mutations

You are a filthy swine.
You move quickly.
Your equipment is almost entirely melded.
You are incapable of wielding weapons or throwing items.
You cannot cast spells.
((You have very sharp teeth.))
Your uncanny sense of smell can sniff out nearby items.
Your experience applies equally to all skills.


Message History

Aiming: Charm
Press: ? - help, Shift-Dir - straight line, f - cane toad, p - Kirke
Aim: a cane toad (chance to affect: 68%)
The cane toad is charmed.
The now-empty wand crumbles to dust.
You feel yourself speed up.
You feel very sick. Kirke hits your hog!
Your hog misses Kirke. Kirke hits your hog! What are your orders? t - Squeal!
Orders for allies: a - Attack new target. p - Attack previous target. r - Retreat! s - Stop attacking. g - Guard the area. f - Follow me.
Anything else - Cancel.
Gang up on whom?
Press: ? - help, Dir - move target, f - Kirke, p - cane toad
Aim: Kirke (severely wounded, unusually resistant, not watching you, weak-willed, ally target) Attack!
You feel sick.
Your hog bites Kirke!
Your cane toad stings Kirke!
Kirke casts a spell.
Kirke flickers and vanishes!
Deactivating autopickup; reactivate with Ctrl-A.
Your hog barely misses something.
Aiming: Iceblast
Press: ? - help, Shift-Dir - straight line Really fire at your cane toad?
The mass of ice explodes!
The iceblast engulfs something!
The iceblast engulfs your cane toad!!
Your cane toad is severely wounded.
The cane toad is no longer charmed.
The iceblast engulfs your hog!
You kill your hog!
Your hog's corpse disappears in a puff of smoke!
You feel sick. The cane toad completely misses you.
Okay, then.
Unknown command.
Aiming: Iceblast
Press: ? - help, Shift-Dir - straight line The mass of ice explodes!
The iceblast engulfs something!
Cheibriados thoroughly appreciates the change of pace.
Reactivating autopickup.
You feel a bit more experienced. The iceblast engulfs you!!
You die...

∆ .P. P.. P.# ∆
############.##
#..#.##.##.....
##########†..>........#
#........†............#
#.##.#..#††..P.###.....
#.....h.....##.# ##....
.......#F#.P##### ##..#
.....P....### ##.#
#.....P..## ##.#
##.#..#.## #P.. #.#....
##.. h.... ### ..#... #


You could see a cane toad and a hog (weak-willed).

Vanquished Creatures
  Kirke (Lair:4)
  Nessos (Lair:4)
  4 hydras
  Erica (D:9)
  2 two-headed ogres (D:11)
  2 cyclopes
  A manticore (D:11)
  10 elephants (Lair:3)
  Maurice (D:9)
  3 black mambas
  10 cane toads
  Maggie (D:6)
  3 komodo dragons
  2 trolls
  A polar bear (Lair:3)
  A polar bear (shapeshifter) (D:9)
  Grinder (D:5)
  5 blink frogs (Lair:1)
  Sigmund (D:5)
  2 vampires (D:11)
  4 wraiths
  A spriggan (Lair:3)
  4 culicivoras (Lair:2)
  A shadow (D:10)
  5 hogs (Lair:4)
  Grum (D:9)
  Eustachio (D:6)
  20 yaks
  A steam dragon (D:9)
  7 wyverns
  An acid dragon (D:11)
  11 water moccasins
  A sky beast (D:7)
  2 black bears
  2 ice beasts (D:8)
  An ogre (D:6)
  16 wolves
  A centaur (D:5)
  2 phantoms
  Blork the orc (D:4)
  2 kobold brigands
  9 bullfrogs
  A necrophage (D:6)
  2 scorpions (D:5)
  6 wights
  5 killer bees
  6 howler monkeys
  2 hounds
  8 orc priests
  9 jellies
  Crazy Yiuf (D:3)
  Jessica (D:3)
  2 iguanas (D:5)
  14 orc wizards
  8 adders
  2 river rats (Sewer)
  3 shadow imps
  3 white imps
  An ufetubus (D:4)
  3 worms
  5 dart slugs
  29 orcs
  3 bats
  20 endoplasms
  8 giant cockroaches
  A goblin (D:1)
  2 hobgoblins
  10 jackals
  4 quokkas
  7 ball pythons
  11 frilled lizards
  36 kobolds
  9 rats
369 creatures vanquished.

Vanquished Creatures (others)
  19 fungi
  35 plants
54 creatures vanquished.

Grand Total: 423 creatures vanquished

Notes
Turn   | Place    | Note
-------+----------+-------------------------------------------
     0 | D:1      | frimble the Gnoll Warper began the quest for the Orb.
     0 | D:1      | Reached XP level 1. HP: 20/20 MP: 6/6
   551 | D:1      | Reached XP level 2. HP: 26/26 MP: 7/7
   621 | D:1      | Found a faded altar of an unknown god.
  1024 | D:1      | Reached XP level 3. HP: 4/31 MP: 9/9
  1303 | D:1      | Reached skill level 5 in Spellcasting
  1826 | D:2      | Learned a level 2 spell: Blink
  1828 | D:2      | Learned a level 1 spell: Apportation
  2393 | D:2      | Reached skill level 1 in Invocations
  2558 | D:3      | Noticed Jessica
  2568 | D:3      | Killed Jessica
  2569 | D:3      | Reached skill level 1 in Short Blades
  2569 | D:3      | Reached skill level 1 in Long Blades
  2569 | D:3      | Reached skill level 1 in Axes
  2569 | D:3      | Reached skill level 1 in Maces & Flails
  2569 | D:3      | Reached skill level 1 in Polearms
  2569 | D:3      | Reached skill level 1 in Staves
  2569 | D:3      | Reached skill level 1 in Slings
  2569 | D:3      | Reached skill level 1 in Bows
  2569 | D:3      | Reached skill level 1 in Crossbows
  2569 | D:3      | Reached skill level 1 in Stealth
  2569 | D:3      | Reached skill level 1 in Shields
  2569 | D:3      | Reached skill level 1 in Evocations
  2569 | D:3      | Reached XP level 4. HP: 4/38 MP: 11/11
  3031 | D:3      | Reached skill level 1 in Conjurations
  3031 | D:3      | Reached skill level 1 in Hexes
  3031 | D:3      | Reached skill level 1 in Summonings
  3031 | D:3      | Reached skill level 1 in Necromancy
  3031 | D:3      | Reached skill level 1 in Transmutations
  3031 | D:3      | Reached skill level 1 in Fire Magic
  3031 | D:3      | Reached skill level 1 in Ice Magic
  3031 | D:3      | Reached skill level 1 in Air Magic
  3031 | D:3      | Reached skill level 1 in Earth Magic
  3031 | D:3      | Reached skill level 1 in Poison Magic
  3263 | D:3      | Found an opulent altar of Gozag.
  3463 | D:3      | Found a runed translucent door.
  3464 | D:3      | Noticed Crazy Yiuf
  3560 | D:3      | Reached XP level 5. HP: 43/43 MP: 12/12
  3565 | D:3      | Identified the +5 chain mail of Understanding {rC+}
  4011 | D:4      | Found a burning altar of Makhleb.
  4044 | D:4      | Noticed an Executioner
  4047 | D:4      | Found a glowing silver altar of Zin.
  4063 | D:4      | Found a glowing drain.
  4100 | Sewer    | Entered a sewer
  4536 | D:4      | Noticed Blork the orc
  4561 | D:4      | Killed Blork the orc
  4562 | D:4      | Reached XP level 6. HP: 24/50 MP: 14/14
  4734 | D:4      | Found a shadowy altar of Dithmenos.
  4962 | D:4      | Found an ancient bone altar of Kikubaaqudgha.
  5116 | D:4      | Reached skill level 5 in Fighting
  5116 | D:4      | Reached skill level 5 in Dodging
  5116 | D:4      | Reached skill level 5 in Unarmed Combat
  5349 | D:4      | Noticed an angel
  5563 | D:5      | Entered Level 5 of the Dungeon
  5564 | D:5      | Noticed a water moccasin
  5663 | D:4      | Killed a water moccasin
  5664 | D:4      | Reached XP level 7. HP: 6/56 MP: 15/15
  5664 | D:4      | HP: 2/56 [poisoned by a water moccasin]
  5878 | D:5      | Found a staircase to the Ecumenical Temple.
  5890 | Temple   | Entered the Ecumenical Temple
  6229 | D:5      | Noticed Sigmund
  6238 | D:5      | Found a sacrificial altar of Ru.
  6257 | D:5      | Killed Sigmund
  6581 | D:5      | Found a sparkling altar of Nemelex Xobeh.
  6664 | D:5      | Noticed Grinder
  6743 | D:6      | Reached XP level 8. HP: 50/63 MP: 16/16
  6768 | D:6      | Learned a level 3 spell: Ozocubu's Armour
  6987 | D:6      | Found a stormy altar of Qazlal.
  7034 | D:6      | Noticed Maggie
  7047 | D:6      | Killed Maggie
  7101 | D:6      | Noticed Eustachio
  7136 | D:6      | Killed Eustachio
  7764 | D:5      | Reached XP level 9. HP: 64/69 MP: 18/18
  7930 | D:5      | Paralysed by Grinder for 4 turns
  7937 | D:5      | Killed Grinder
  8350 | D:3      | Killed Crazy Yiuf
  8520 | D:7      | Reached skill level 5 in Throwing
  8520 | D:7      | Reached skill level 5 in Armour
  8575 | D:7      | Found an iron altar of Okawaru.
  8607 | D:7      | Identified the +1 ring mail of Dilloud {rN+ Str+4}
  8852 | D:7      | Found a hazy altar of Hepliaklqana.
  9026 | D:7      | Reached skill level 5 in Invocations
  9498 | D:7      | Learned a level 4 spell: Olgreb's Toxic Radiance
  9924 | D:8      | Reached XP level 10. HP: 46/77 MP: 16/20
 10133 | D:8      | Reached skill level 5 in Short Blades
 10133 | D:8      | Reached skill level 5 in Long Blades
 10133 | D:8      | Reached skill level 5 in Axes
 10133 | D:8      | Reached skill level 5 in Maces & Flails
 10133 | D:8      | Reached skill level 5 in Polearms
 10133 | D:8      | Reached skill level 5 in Staves
 10133 | D:8      | Reached skill level 5 in Slings
 10133 | D:8      | Reached skill level 5 in Bows
 10133 | D:8      | Reached skill level 5 in Crossbows
 10133 | D:8      | Reached skill level 5 in Stealth
 10133 | D:8      | Reached skill level 5 in Shields
 10133 | D:8      | Reached skill level 5 in Evocations
 10684 | D:9      | Noticed Grum
 10748 | D:9      | Killed Grum
 10814 | D:9      | Noticed Erica
 10897 | D:9      | Killed Erica
 10983 | D:9      | Noticed Maurice
 10986 | D:9      | Killed Maurice
 11049 | D:9      | Found a staircase to the Lair.
 11056 | D:10     | Entered Level 10 of the Dungeon
 11173 | D:10     | Noticed a cyclops
 11182 | D:10     | Killed a cyclops
 11206 | D:10     | Reached XP level 11. HP: 47/84 MP: 22/22
 11238 | D:10     | Found a bloodstained altar of Trog.
 11238 | D:10     | Found a snail-covered altar of Cheibriados.
 11397 | D:10     | Reached skill level 5 in Conjurations
 11397 | D:10     | Reached skill level 5 in Hexes
 11397 | D:10     | Reached skill level 5 in Summonings
 11397 | D:10     | Reached skill level 5 in Necromancy
 11397 | D:10     | Reached skill level 5 in Transmutations
 11397 | D:10     | Reached skill level 5 in Fire Magic
 11397 | D:10     | Reached skill level 5 in Ice Magic
 11397 | D:10     | Reached skill level 5 in Air Magic
 11397 | D:10     | Reached skill level 5 in Earth Magic
 11397 | D:10     | Reached skill level 5 in Poison Magic
 11582 | D:10     | Found Ynkouz's Book Emporium.
 12128 | D:9      | Noticed Erolcha
 12346 | D:10     | Became a worshipper of Cheibriados the Contemplative
 12406 | D:11     | Noticed a two-headed ogre
 12597 | D:11     | Noticed a cyclops
 12623 | D:11     | Killed a cyclops
 12710 | D:11     | Killed a two-headed ogre
 13097 | D:11     | Noticed a manticore
 13108 | D:11     | HP: 3/86 [manticore (4)]
 13109 | D:11     | Killed a manticore
 13166 | D:11     | Noticed a two-headed ogre
 13177 | D:11     | Killed a two-headed ogre
 13418 | Lair:1   | Entered Level 1 of the Lair of Beasts
 13432 | Lair:1   | Reached * piety under Cheibriados
 13640 | Lair:1   | Noticed a six-headed hydra
 13650 | Lair:1   | Killed a two-headed hydra
 13651 | Lair:1   | Reached XP level 12. HP: 77/94 MP: 24/24
 14482 | Lair:2   | Reached ** piety under Cheibriados
 14497 | Lair:2   | Noticed a five-headed hydra
 14979 | Lair:3   | Noticed a six-headed hydra
 14995 | Lair:3   | Killed a one-headed hydra
 15053 | Lair:3   | Noticed an eight-headed hydra
 15065 | Lair:3   | HP: 1/95 [seven-headed hydra (13)]
 15067 | Lair:3   | Killed a seven-headed hydra
 15156 | Lair:3   | Reached *** piety under Cheibriados
 15230 | Lair:3   | Found a staircase to the Swamp.
 15245 | Lair:3   | Reached XP level 13. HP: 99/101 MP: 26/26
 15965 | Lair:2   | Reached **** piety under Cheibriados
 16051 | Lair:2   | Found a hole to the Spider Nest.
 16912 | Lair:4   | Found a glowing silver altar of Zin.
 16990 | Lair:4   | Found a transporter.
 16993 | Lair:4   | Identified the +2 robe of the Slug {Will+ rCorr}
 17003 | Lair:4   | Found a transporter.
 17004 | Lair:4   | Noticed Nessos
 17012 | Lair:4   | Killed Nessos
 17025 | Lair:4   | Noticed royokou's ghost (journeyman TrFi)
 17241 | Lair:4   | Noticed Kirke
 17265 | Lair:4   | Noticed a sphinx
 17272 | Lair:4   | Killed Kirke
 17272 | Lair:4   | Killed themself with a badly aimed iceblast

Illustrated notes

Levels and vault maps discovered:
D:1:      onia_arrival_pentagram, layout_basic,
          hellmonk_ecumenical_altar_crossroads, lexackson_kobold_supper
D:2:      layout_loops_corners
D:3:      layout_rooms, grunt_gozag_statues, uniq_jessica,
          uniq_crazy_yiuf_cottage
D:4:      layout_basic, grunt_temple_overflow_order_and_chaos_2,
          nicolae_dithmenos_shadow_blocks, kennysheep_mini,
          gup_sewer_entry_pipe, glass_columns_a, kennysheep_small_square,
          uniq_blork_the_orc
D:5:      layout_layer_cave, mainiacjoe_overflow_brackets,
          amcnicky_altar_gilded, minmay_temple_entry_large_hall,
          grunt_tough_drop, uniq_sigmund, uniq_grinder
D:6:      layout_basic, nicolae_qazlal_scattered_showers, uniq_eustachio,
          uniq_maggie
D:7:      kennysheep_kobold_camp, layout_loops_ring,
          nicolae_overflow_crystal_walls, mainiacjoe_overflow_24_doors,
          mrwooster_statue_mirror
D:8:      layout_loops_ring, grunt_ministairs_7, corexii_corridor_pit
D:9:      layout_cave_pools, lair_entry_dummy, uniq_erica, uniq_erolcha,
          uniq_grum, uniq_maurice
D:10:     layout_grid_maze, jmf_multi_god_temple, serial_shops,
          nicolae_lakefront_shop
D:11:     kennysheep_ambush_hall, layout_irregular_city
Temple:   dpeg_chambers_temple
Lair:1:   layout_regular_city
Lair:2:   lemuel_slime, layout_big_grid, hellmonk_spider_entry_life_and_decay,
          lemuel_fruit_tree
Lair:3:   layout_chaotic_city, swamp_mist, grunt_forest_stairs_clearing,
          infiniplex_staircase_pool_2, grunt_megastairs_3
Lair:4:   layout_loops_ring, basic_altar, special_room [special_room_bee],
          gammafunk_ghost_wrathful_warriors, uniq_kirke, uniq_nessos

Skill      XL: |  1  2  3  4  5  6  7  8  9 10 11 12 13 |
---------------+----------------------------------------+-----
Spellcasting   | 5 6 7 8 9 |  9.8
Invocations    | 1 2 3 4 5 6 7 8 9 |  9.1
Short Blades   | 1 2 3 4 5 6 7 8 |  8.3
Long Blades    | 1 2 3 4 5 6 7 8 |  8.3
Axes           | 1 2 3 4 5 6 7 8 |  8.3
Maces & Flails | 1 2 3 4 5 6 7 8 |  8.3
Polearms       | 1 2 3 4 5 6 7 8 |  8.3
Staves         | 1 2 3 4 5 6 7 8 |  8.3
Slings         | 1 2 3 4 5 6 7 8 |  8.3
Bows           | 1 2 3 4 5 6 7 8 |  8.3
Crossbows      | 1 2 3 4 5 6 7 8 |  8.3
Stealth        | 1 2 3 4 5 6 7 8 |  8.3
Shields        | 1 2 3 4 5 6 7 8 |  8.3
Evocations     | 1 2 3 4 5 6 7 8 |  8.3
Conjurations   | 1 2 3 4 5 6 |  6.9
Hexes          | 1 2 3 4 5 6 |  6.9
Summonings     | 1 2 3 4 5 6 |  6.9
Necromancy     | 1 2 3 4 5 6 |  6.9
Transmutations | 1 2 3 4 5 6 |  6.9
Fire Magic     | 1 2 3 4 5 6 |  6.9
Ice Magic      | 1 2 3 4 5 6 |  6.9
Air Magic      | 1 2 3 4 5 6 |  6.9
Earth Magic    | 1 2 3 4 5 6 |  6.9
Poison Magic   | 1 2 3 4 5 6 |  6.9
Throwing       | 3 4 5 6 7 8 |  8.8
Armour         | 3 4 5 6 7 8 |  8.8
Fighting       | 5 6 7 8 9 |  9.6
Dodging        | 5 6 7 8 9 |  9.6
Unarmed Combat | 5 6 7 8 9 |  9.6
Translocations | 6 7 8 |  8.9

Action                   |  1- 3 |  4- 6 |  7- 9 | 10-12 | 13-15 || total
-------------------------+-------+-------+-------+-------+-------++-------
Melee: Unarmed           |   128 |   286 |   147 |       |       ||   561
       Bite              |    10 |    22 |    35 |    77 |    36 ||   180
       Punch             |     3 |     7 |    13 |    33 |    15 ||    71
       Morningstar       |       |       |   214 |   111 |       ||   325
       Scimitar          |       |       |       |   454 |   212 ||   666
 Fire: Hunting sling     |       |    57 |    14 |     6 |       ||    77
Throw: Dart              |     5 |    14 |     4 |    57 |    15 ||    95
       Boomerang         |       |     1 |    23 |     4 |       ||    28
 Cast: Blink             |       |     1 |     1 |    14 |     8 ||    24
       Apportation       |       |     1 |       |       |       ||     1
       Ozocubu's Armour  |       |       |     3 |    21 |     1 ||    25
       Olgreb's Toxic Ra |       |       |       |    12 |     1 ||    13
Invok: Slouch            |       |       |       |       |     2 ||     2
Evoke: Wand              |       |     9 |    19 |    21 |    14 ||    63
       Tin of tremorston |       |       |       |     2 |     1 ||     3
  Use: Scroll            |     3 |    10 |     9 |     8 |     4 ||    34
       Potion            |       |       |     2 |     3 |     1 ||     6
 Stab: Sleeping          |       |     1 |     5 |     5 |     1 ||    12
       Distracted        |       |       |     1 |     1 |       ||     2
Armor: Leather armour    |    11 |       |       |       |       ||    11
       Ring mail         |    40 |   131 |    82 |    61 |       ||   314
       Swamp dragon scal |       |       |    76 |       |       ||    76
       Troll leather arm |       |       |       |   158 |     2 ||   160
       Chain mail        |       |       |       |       |   182 ||   182
Dodge: Dodged            |    64 |   216 |   286 |   508 |   241 ||  1315

Table legend: (Time is in decaauts)
 A = Elapsed time spent in this place.
 B = Non-inter-level travel time spent in this place.
 C = Inter-level travel time spent in this place.
 D = Time resting spent in this place.
 E = Time spent auto-exploring this place.
 F = Levels seen in this place.
 G = Mean time per level.
                   A        B        C        D        E       F      G
               +--------+--------+--------+--------+--------+-----+--------+
         Total |  18965 |  17933 |   1032 |    708 |  13111 |  17 | 1115.6 |
       Dungeon |  13151 |  12386 |    765 |    652 |   9046 |  11 | 1195.5 |
        Temple |    236 |    225 |     11 |      0 |    214 |   1 |  236.0 |
          Lair |   5115 |   4860 |    255 |     56 |   3670 |   4 | 1278.8 |
         Sewer |    463 |    463 |      0 |      0 |    180 |   1 |  463.0 |
               +--------+--------+--------+--------+--------+-----+--------+

Top non-repeatable levels by time:
  Lair:3: 1626 daAuts
  Lair:2: 1594 daAuts
     D:4: 1565 daAuts
     D:1: 1501 daAuts
     D:5: 1500 daAuts
     D:3: 1477 daAuts
     D:7: 1382 daAuts
  Lair:1: 1292 daAuts
    D:11: 1249 daAuts
    D:10: 1069 daAuts
     D:2: 999 daAuts
     D:8: 958 daAuts
     D:6: 843 daAuts
     D:9: 602 daAuts
  Lair:4: 602 daAuts
